 Dungeon Crawl Stone Soup version 0.21.1-1-g345015f (webtiles) character file.

1123 Fortress the Fighter (level 8, -1/71 HPs)
             Began as a Gnoll Wanderer on June 21, 2018.
             Succumbed to Fortress's ghost's poison
             ... on level 4 of the Dungeon.
             The game lasted 00:27:25 (4991 turns).

Fortress the Fighter (Gnoll Wanderer)               Turns: 4991, Time: 00:27:26

Health: -1/71      AC: 11    Str: 15 (18) XL:     8   Next: 35%
Magic:  12/12      EV: 16    Int: 13 (14) God:
Gold:   152        SH:  0    Dex: 17 (19) Spells: 13/13 levels left

rFire    . . .     SeeInvis +   a - +2 spear
rCold    . . .     Gourm    .   (no shield)
rNeg     . . .     Faith    .   g - +0 scale mail
rPois    .         Spirit   .   k - +2 helmet {SInv}
rElec    .         Reflect  .   (no cloak)
rCorr    .         Harm     .   w - +0 pair of gloves (curse)
MR       .....                  (no boots)
Stlth    ++........             y - amulet of regeneration
HPRegen  0.61/turn              (no ring)
MPRegen  0.13/turn              (no ring)

@: agile, lethally poisoned (-1 -> -9)
A: distributed training, fangs 1, strong nose
a: no special abilities


You were on level 4 of the Dungeon.
You were not hungry.

You visited 1 branch of the dungeon, and saw 6 of its levels.

You collected 152 gold pieces.

Inventory:

Hand Weapons
 a - a +2 spear (weapon)
 x - a +2 dagger of venom
Missiles
 h - 181 stones (quivered)
Armour
 d - a +0 robe
 g - a +0 scale mail (worn)
 k - a +2 helmet of see invisible (worn)
 s - a +0 helmet
 w - a cursed +0 pair of gloves (worn)
Jewellery
 y - an amulet of regeneration (around neck)
 D - an uncursed amulet of the gourmand
Wands
 z - a wand of iceblast (7)
 A - a wand of random effects (19)
 B - a wand of digging (12)
Scrolls
 i - a scroll of magic mapping {unknown}
 l - a scroll of immolation {unknown}
 m - 4 scrolls of identify
 n - 9 scrolls of remove curse
 o - a scroll of noise {unknown}
 p - a scroll of enchant armour {unknown}
 q - 2 scrolls of teleportation {unknown}
Potions
 c - 5 potions of lignification
 r - a potion of haste
 u - a potion of flight {unknown}
 v - a potion of heal wounds {unknown}
Comestibles
 f - 3 rations


   Skills:
 + Level 9.1 Fighting
 + Level 3.1 Short Blades
 + Level 3.1 Long Blades
 + Level 3.1 Axes
 + Level 3.1 Maces & Flails
 + Level 5.6 Polearms
 + Level 3.1 Staves
 + Level 3.1 Slings
 + Level 3.1 Bows
 + Level 3.1 Crossbows
 + Level 5.6 Throwing
 + Level 3.1 Armour
 + Level 4.1 Dodging
 + Level 4.0 Stealth
 + Level 3.1 Shields
 + Level 3.1 Unarmed Combat
 + Level 3.1 Spellcasting
 + Level 2.5 Conjurations
 + Level 2.5 Hexes
 + Level 2.5 Charms
 + Level 2.5 Summonings
 + Level 2.5 Necromancy
 + Level 2.5 Translocations
 + Level 2.5 Transmutations
 + Level 2.5 Fire Magic
 + Level 2.5 Ice Magic
 + Level 2.5 Air Magic
 + Level 2.5 Earth Magic
 + Level 2.5 Poison Magic
 + Level 3.4 Invocations
 + Level 3.1 Evocations


You had 13 spell levels left.
You didn't know any spells.

Dungeon Overview and Level Annotations

Branches:
Dungeon (6/15)
 Temple: D:4-7

Altars:
Dithmenos
Wu Jian

Annotations:
D:4 Fortress's ghost, amateur GnWn
D:5 Eustachio


Innate Abilities, Weirdness & Mutations

Your experience applies equally to all skills.
You have very sharp teeth.
Your uncanny sense of smell can sniff out nearby items.


Message History

Fortress's ghost is almost destroyed.
You feel sick. Fortress's ghost hits you.
* * * LOW HITPOINT WARNING * * *
You are more poisoned.
It was a potion of cancellation.
You feel magically purged.
You feel sick. Fortress's ghost closely misses you.
It was a potion of agility.
You feel agile all of a sudden.
* * * LOW HITPOINT WARNING * * *
You feel sick. Fortress's ghost hits you.
* * * LOW HITPOINT WARNING * * *
You are more poisoned.
It was a potion of degeneration.
There was something very wrong with that liquid.
You feel weakened.
You feel dopey.
You feel clumsy.
* * * LOW HITPOINT WARNING * * *
You feel sick. Fortress's ghost closely misses you.
You hit Fortress's ghost but do no damage.
Fortress's ghost is almost destroyed.
You die...

#.......# #..#
#.##....##.# #.......#
##.# #.##.####..#
#.......# #.# #.##.####.##
#.......# #.#
###....#....# #.......#
#.####....###.####
#.......####..##..#.##...#
#.......#..............###
#.......#....)#####.####
#..........##@# #.#
#####.....###W#####.## ###
#..#.####s........ ...
#..........####.## ##.
......#####.# #.# #.
.#.....# #.# #.# # #.
...≈≈§. #.## #.# #. #
.#.≈≈§≈≈. #..# # ..
###§≈≈≈≈≈≈# ##.###.# # #.


You could see a scorpion and Fortress's ghost.

Vanquished Creatures
  A hungry ghost (D:6)
  A sky beast (D:6)
  The ghost of dedward the Charmwright, an amateur GnSk (D:3)
  2 ogres (D:5)
  A scorpion (D:5)
  4 hounds
  An orc priest (D:3)
  6 orc wizards
  Ijyb (D:5)
  2 iguanas (D:6)
  3 worker ants
  A howler monkey skeleton (D:4)
  A gnoll (D:5)
  4 adders
  2 adder skeletons
  3 worms
  2 dart slugs
  3 leopard geckos
  11 orcs
  2 ball pythons (D:1)
  A giant cockroach (D:3)
  6 goblins
  3 hobgoblins
  6 jackals
  5 kobolds
  6 bats
  6 frilled lizards
  A giant cockroach zombie (D:5)
  A quokka zombie (D:5)
  5 rats
92 creatures vanquished.

Notes
Turn   | Place    | Note
-------+----------+-------------------------------------------
     0 | D:1      | Fortress the Gnoll Wanderer began the quest for the Orb.
     0 | D:1      | Fortress set off with: a +2 spear, a potion of curing, a potion of lignification, a +0 robe, a ration
     0 | D:1      | Reached XP level 1. HP: 26/26 MP: 1/1
   203 | D:1      | Reached XP level 2. HP: 31/33 MP: 2/2
  1024 | D:1      | Reached XP level 3. HP: 38/38 MP: 3/3
  1178 | D:2      | Reached skill level 1 in Invocations
  1268 | D:2      | Reached skill level 1 in Short Blades
  1268 | D:2      | Reached skill level 1 in Long Blades
  1268 | D:2      | Reached skill level 1 in Axes
  1268 | D:2      | Reached skill level 1 in Maces & Flails
  1268 | D:2      | Reached skill level 1 in Staves
  1268 | D:2      | Reached skill level 1 in Slings
  1268 | D:2      | Reached skill level 1 in Bows
  1268 | D:2      | Reached skill level 1 in Crossbows
  1268 | D:2      | Reached skill level 1 in Armour
  1268 | D:2      | Reached skill level 1 in Shields
  1268 | D:2      | Reached skill level 1 in Unarmed Combat
  1268 | D:2      | Reached skill level 1 in Spellcasting
  1268 | D:2      | Reached skill level 1 in Evocations
  1320 | D:2      | Reached XP level 4. HP: 45/45 MP: 5/5
  1788 | D:2      | Found a shadowy altar of Dithmenos.
  1790 | D:2      | Found an ornate altar of the Wu Jian Council.
  1840 | D:3      | Noticed dedward's ghost (amateur GnSk)
  2172 | D:3      | Found a faded altar of an unknown god.
  2224 | D:3      | Killed dedward's ghost
  2224 | D:3      | Reached skill level 1 in Conjurations
  2224 | D:3      | Reached skill level 1 in Hexes
  2224 | D:3      | Reached skill level 1 in Charms
  2224 | D:3      | Reached skill level 1 in Summonings
  2224 | D:3      | Reached skill level 1 in Necromancy
  2224 | D:3      | Reached skill level 1 in Translocations
  2224 | D:3      | Reached skill level 1 in Transmutations
  2224 | D:3      | Reached skill level 1 in Fire Magic
  2224 | D:3      | Reached skill level 1 in Ice Magic
  2224 | D:3      | Reached skill level 1 in Air Magic
  2224 | D:3      | Reached skill level 1 in Earth Magic
  2224 | D:3      | Reached skill level 1 in Poison Magic
  2224 | D:3      | Reached XP level 5. HP: 20/51 MP: 5/7
  2498 | D:3      | Reached XP level 6. HP: 20/57 MP: 8/8
  3352 | D:5      | Entered Level 5 of the Dungeon
  3357 | D:5      | Reached skill level 5 in Polearms
  3357 | D:5      | Reached skill level 5 in Throwing
  3358 | D:5      | Noticed Ijyb
  3389 | D:5      | Killed Ijyb
  3409 | D:4      | HP: 2/57 [poisoned by an orc wizard]
  3722 | D:5      | Noticed Eustachio
  3774 | D:6      | Reached XP level 7. HP: 55/63 MP: 10/10
  4247 | D:5      | Reached skill level 9 in Fighting
  4258 | D:5      | Noticed a hungry ghost
  4268 | D:5      | Reached XP level 8. HP: 47/71 MP: 12/12
  4922 | D:4      | Noticed Fortress's ghost (amateur GnWn)
  4989 | D:4      | HP: 1/71 [Fortress's ghost (3)]
  4991 | D:4      | Succumbed to Fortress's ghost's poison

Skill      XL: |  1  2  3  4  5  6  7  8 |
---------------+-------------------------+-----
Invocations    | 1 2 3 |  3.4
Short Blades   | 1 2 3 |  3.1
Long Blades    | 1 2 3 |  3.1
Axes           | 1 2 3 |  3.1
Maces & Flails | 1 2 3 |  3.1
Staves         | 1 2 3 |  3.1
Slings         | 1 2 3 |  3.1
Bows           | 1 2 3 |  3.1
Crossbows      | 1 2 3 |  3.1
Armour         | 1 2 3 |  3.1
Shields        | 1 2 3 |  3.1
Unarmed Combat | 1 2 3 |  3.1
Spellcasting   | 1 2 3 |  3.1
Evocations     | 1 2 3 |  3.1
Conjurations   | 1 2 |  2.5
Hexes          | 1 2 |  2.5
Charms         | 1 2 |  2.5
Summonings     | 1 2 |  2.5
Necromancy     | 1 2 |  2.5
Translocations | 1 2 |  2.5
Transmutations | 1 2 |  2.5
Fire Magic     | 1 2 |  2.5
Ice Magic      | 1 2 |  2.5
Air Magic      | 1 2 |  2.5
Earth Magic    | 1 2 |  2.5
Poison Magic   | 1 2 |  2.5
Dodging        | 3 4 |  4.1
Stealth        | 3 4 |  4.0
Polearms       | 5 |  5.6
Throwing       | 5 |  5.6
Fighting       | 9 |  9.1

Action                   |  1- 3 |  4- 6 |  7- 9 || total
-------------------------+-------+-------+-------++-------
Melee: Spear             |    93 |   223 |   179 ||   495
       Bite              |     6 |    19 |    28 ||    53
       Punch             |       |     1 |     2 ||     3
  Use: Potion            |       |     3 |     7 ||    10
       Scroll            |       |     3 |     2 ||     5
  Eat: Chunk             |     1 |     3 |     3 ||     7
       Ration            |       |     2 |     1 ||     3
Armor: Scale mail        |    25 |    74 |    69 ||   168
Dodge: Dodged            |    28 |    96 |    66 ||   190
